General information
			
			
        
        - name: BNet
 
        - type: Ladder team game (AT/RT)
 
        - host: Battle.net
 
        - saver: Gobiner
 
        
map: Monsoon 
        - players: 6
 
        - length: 38:16
 
        - speed: Fast
 - version: 1.22 W3XP
 - replay type:  Public
 
» download(266 KB)
Players
        team 1 (loser) 
              
              
Clan-ODnF (
red | 23 APM | 637 actions | 27:59)
              
 3 Blademaster 
 2 Wind Walk
 1 Critical Strike
 
                » actions 
                
                | Assign group hotkey | 4 |  | 
| Basic commands | 228 |  | 
| Build / train | 26 |  | 
| Enter build submenu | 10 |  | 
| Enter hero's abilities submenu | 3 |  | 
| Give item / drop item | 1 |  | 
| Right click | 102 |  | 
| Select / deselect | 160 |  | 
| Select group hotkey | 22 |  | 
| Use ability | 81 |  | 
                637 total
 » units 
                » buildings
                
                | Altar of Storms | 1 |  | 
| Orc Burrow | 3 |  | 
| Voodoo Lounge | 1 |  | 
| War Mill | 1 |  | 
| Stronghold | 1 |  | 
| Watch Tower | 2 |  | 
| Great Hall | 1 |  | 
                10 total
 » build order
                00:04 Altar of Storms
00:27 Orc Burrow
01:54 Voodoo Lounge
11:21 War Mill
12:22 Stronghold
12:41 Watch Tower
14:03 Watch Tower
14:07 Orc Burrow
14:24 Orc Burrow
15:16 Great Hall
» items
                
                | Scroll of Speed | 1 |  | 
| Lesser Clarity Potion | 4 |  | 
| Healing Salve | 1 |  | 
| Orb of Corruption | 1 |  | 
                7 total
  
               
              
              
ODnF-eViL (
green | 47 APM | 1601 actions | 33:44)
              
 5 Blademaster 
 3 Wind Walk
 2 Critical Strike
 
                » actions 
                
                | Assign group hotkey | 3 |  | 
| Basic commands | 1 |  | 
| Build / train | 60 |  | 
| Enter build submenu | 23 |  | 
| Enter hero's abilities submenu | 5 |  | 
| Give item / drop item | 2 |  | 
| Remove unit from queue | 1 |  | 
| Right click | 955 |  | 
| Select / deselect | 455 |  | 
| Select group hotkey | 21 |  | 
| Use ability | 75 |  | 
                1601 total
 » units 
                
                | Peon | 18 |  | 
| Troll Batrider | 10 |  | 
| Raider | 5 |  | 
                33 total
 » upgrades
                
                | Armor | 2 |  | 
| Reinforced Defenses | 1 |  | 
| Liquid Fire | 1 |  | 
| Ranged Weapons | 2 |  | 
| Ensnare | 1 |  | 
                7 total
 » buildings
                
                | Altar of Storms | 1 |  | 
| Orc Burrow | 5 |  | 
| Voodoo Lounge | 1 |  | 
| War Mill | 1 |  | 
| Stronghold | 1 |  | 
| Watch Tower | 6 |  | 
| Beastiary | 2 |  | 
| Fortress | 1 |  | 
| Great Hall | 3 |  | 
| Tauren Totem | 1 |  | 
                22 total
 » build order
                00:05 Altar of Storms
00:07 Orc Burrow
01:56 Voodoo Lounge
10:47 War Mill
11:42 Stronghold
12:09 Orc Burrow
12:30 Orc Burrow
12:34 Watch Tower
12:38 Watch Tower
13:30 Orc Burrow
13:35 Watch Tower
14:07 Beastiary
14:48 Watch Tower
15:14 Watch Tower
15:59 Beastiary
16:33 Watch Tower
17:30 Fortress
18:45 Orc Burrow
22:30 Great Hall
22:55 Great Hall
25:20 Great Hall
27:24 Tauren Totem
» items
                
                | Healing Salve | 2 |  | 
| Lesser Clarity Potion | 4 |  | 
| Scroll of Speed | 1 |  | 
| Orb of Corruption | 1 |  | 
| Boots of Speed | 1 |  | 
| Staff of Teleportation | 1 |  | 
| Orb of Lightning | 1 |  | 
| Potion of Mana | 1 |  | 
                12 total
  
               
              
              
ODnF-GamblethiS (
yellow | 163 APM | 6228 actions | 38:14)
              
 5 Death Knight 
 3 Death Coil
 2 Unholy Aura
 5 Lich 
 3 Frost Nova
 1 Dark Ritual
 1 Frost Armor
 4 Pit Lord 
 2 Rain of Fire
 2 Howl of Terror
 
                » actions 
                
                | Assign group hotkey | 59 |  | 
| Basic commands | 7 |  | 
| Build / train | 103 |  | 
| ESC pressed | 10 |  | 
| Enter build submenu | 59 |  | 
| Enter hero's abilities submenu | 14 |  | 
| Give item / drop item | 9 |  | 
| Remove unit from queue | 2 |  | 
| Right click | 2287 |  | 
| Select / deselect | 873 |  | 
| Select group hotkey | 2483 |  | 
| Use ability | 322 |  | 
                6228 total
 » units 
                
                | Acolyte | 18 |  | 
| Ghoul | 2 |  | 
| Crypt Fiend | 11 |  | 
| Obsidian Statue | 9 |  | 
| Meatwagon | 5 |  | 
| Frost Wyrm | 4 |  | 
                49 total
 » upgrades
                
                | Creature Attack | 3 |  | 
| Burrow | 1 |  | 
| Creature Carapace | 3 |  | 
| Destroyer Form | 1 |  | 
| Web | 1 |  | 
| Unholy Strength | 2 |  | 
| Disease Cloud | 1 |  | 
| Freezing Breath | 1 |  | 
| Skeletal Mastery | 1 |  | 
| Necromancer Training | 1 |  | 
| Skeletal Longevity | 1 |  | 
                16 total
 » buildings
                
                | Altar of Darkness | 2 |  | 
| Ziggurat | 25 |  | 
| Crypt | 5 |  | 
| Graveyard | 2 |  | 
| Tomb of Relics | 2 |  | 
| Nerubian Tower | 2 |  | 
| Halls of the Dead | 1 |  | 
| Spirit Tower | 5 |  | 
| Slaughterhouse | 3 |  | 
| Black Citadel | 1 |  | 
| Sacrificial Pit | 2 |  | 
| Boneyard | 2 |  | 
| Necropolis | 2 |  | 
| Temple of the Damned | 2 |  | 
                56 total
 » build order
                00:07 Altar of Darkness
00:10 Altar of Darkness
00:12 Ziggurat
00:13 Crypt
00:43 Graveyard
00:46 Graveyard
00:58 Ziggurat
01:02 Crypt
01:04 Crypt
01:06 Crypt
01:08 Crypt
01:12 Ziggurat
01:29 Tomb of Relics
01:43 Nerubian Tower
02:20 Halls of the Dead
02:36 Ziggurat
02:42 Ziggurat
03:01 Spirit Tower
03:39 Ziggurat
04:23 Ziggurat
04:59 Slaughterhouse
05:00 Slaughterhouse
05:49 Black Citadel
07:28 Sacrificial Pit
07:30 Ziggurat
10:27 Ziggurat
10:49 Slaughterhouse
10:50 Sacrificial Pit
10:53 Ziggurat
13:28 Boneyard
13:29 Boneyard
14:43 Spirit Tower
16:13 Necropolis
21:35 Ziggurat
21:37 Ziggurat
21:39 Ziggurat
21:40 Ziggurat
23:10 Ziggurat
23:15 Ziggurat
23:17 Ziggurat
23:18 Ziggurat
23:20 Ziggurat
23:29 Tomb of Relics
24:47 Spirit Tower
24:47 Nerubian Tower
24:48 Spirit Tower
25:03 Spirit Tower
26:07 Ziggurat
26:16 Ziggurat
26:17 Ziggurat
29:17 Temple of the Damned
29:18 Temple of the Damned
29:22 Necropolis
32:01 Ziggurat
32:05 Ziggurat
32:07 Ziggurat
» items
                
                | Rod of Necromancy | 2 |  | 
| Sacrificial Skull | 1 |  | 
| Potion of Mana | 3 |  | 
| Scroll of Town Portal | 1 |  | 
| Potion of Healing | 2 |  | 
| Dust of Appearance | 1 |  | 
                10 total
  
               team 2 (winner) 
              
              
Gobiner (
orange | 58 APM | 2211 actions | 38:16)
              
 5 Blademaster 
 3 Wind Walk
 2 Critical Strike
 
                » actions 
                
                | Assign group hotkey | 24 |  | 
| Basic commands | 15 |  | 
| Build / train | 100 |  | 
| Enter build submenu | 46 |  | 
| Enter hero's abilities submenu | 5 |  | 
| Give item / drop item | 6 |  | 
| Right click | 981 |  | 
| Select / deselect | 290 |  | 
| Select group hotkey | 505 |  | 
| Use ability | 239 |  | 
                2211 total
 » units 
                » upgrades
                
                | Liquid Fire | 1 |  | 
| Ranged Weapons | 3 |  | 
| Armor | 3 |  | 
| Troll Regeneration | 1 |  | 
| Burning Oil | 1 |  | 
| Reinforced Defenses | 1 |  | 
| Spiked Barricades | 1 |  | 
                11 total
 » buildings
                
                | Altar of Storms | 1 |  | 
| Orc Burrow | 4 |  | 
| War Mill | 1 |  | 
| Watch Tower | 43 |  | 
| Voodoo Lounge | 4 |  | 
| Stronghold | 3 |  | 
| Beastiary | 3 |  | 
| Fortress | 3 |  | 
| Barracks | 1 |  | 
| Great Hall | 1 |  | 
                64 total
 » build order
                00:07 Altar of Storms
00:17 Orc Burrow
00:29 War Mill
01:43 Watch Tower
01:50 Watch Tower
02:06 Watch Tower
02:20 Voodoo Lounge
02:41 Watch Tower
03:12 Stronghold
03:13 Stronghold
03:13 Stronghold
03:32 Watch Tower
03:48 Watch Tower
04:08 Watch Tower
04:37 Watch Tower
04:40 Watch Tower
05:04 Watch Tower
05:15 Orc Burrow
05:18 Orc Burrow
05:19 Orc Burrow
05:35 Beastiary
05:35 Beastiary
05:45 Beastiary
07:40 Watch Tower
07:40 Watch Tower
07:41 Watch Tower
08:01 Fortress
08:01 Fortress
08:01 Fortress
10:22 Voodoo Lounge
10:32 Watch Tower
10:32 Watch Tower
11:14 Voodoo Lounge
13:15 Voodoo Lounge
13:34 Barracks
18:54 Watch Tower
18:55 Watch Tower
18:56 Watch Tower
18:56 Watch Tower
20:40 Watch Tower
20:41 Watch Tower
20:42 Watch Tower
23:11 Great Hall
23:20 Watch Tower
23:21 Watch Tower
23:22 Watch Tower
23:22 Watch Tower
23:24 Watch Tower
23:25 Watch Tower
23:35 Watch Tower
23:36 Watch Tower
23:48 Watch Tower
24:43 Watch Tower
24:57 Watch Tower
24:59 Watch Tower
25:06 Watch Tower
28:02 Watch Tower
28:05 Watch Tower
28:06 Watch Tower
28:08 Watch Tower
30:37 Watch Tower
30:37 Watch Tower
30:38 Watch Tower
30:39 Watch Tower
» items
                
                | Lesser Clarity Potion | 11 |  | 
| Healing Salve | 3 |  | 
| Boots of Speed | 1 |  | 
| Staff of Teleportation | 1 |  | 
| Dust of Appearance | 1 |  | 
| Orb of Lightning | 4 |  | 
                21 total
  
               
              
              
kunt.roII (
purple | 95 APM | 3618 actions | 38:15)
              
 3 Archmage 
 2 Blizzard
 1 Brilliance Aura
 3 Mountain King 
 2 Storm Bolt
 1 Bash
 2 Paladin 
 1 Holy Light
 1 Divine Shield
 
                » actions 
                
                | Assign group hotkey | 40 |  | 
| Basic commands | 59 |  | 
| Build / train | 160 |  | 
| ESC pressed | 2 |  | 
| Enter build submenu | 81 |  | 
| Enter hero's abilities submenu | 8 |  | 
| Give item / drop item | 10 |  | 
| Right click | 1480 |  | 
| Select / deselect | 404 |  | 
| Select group hotkey | 1077 |  | 
| Use ability | 297 |  | 
                3618 total
 » units 
                
                | Peasant | 36 |  | 
| Priest | 3 |  | 
| Sorceress | 5 |  | 
                44 total
 » upgrades
                
                | Masonry | 3 |  | 
| Lumber Harvesting | 2 |  | 
| Magic Sentry | 1 |  | 
| Sorceress Training | 2 |  | 
| Priest Training | 1 |  | 
                9 total
 » buildings
                
                | Altar of Kings | 1 |  | 
| Farm | 5 |  | 
| Lumber Mill | 1 |  | 
| Scout Tower | 102 |  | 
| Arcane Tower | 5 |  | 
| Guard Tower | 57 |  | 
| Arcane Vault | 1 |  | 
| Keep | 1 |  | 
| Arcane Sanctum | 1 |  | 
| Town Hall | 1 |  | 
| Castle | 3 |  | 
                178 total
 » build order
                00:09 Altar of Kings
00:19 Farm
00:27 Lumber Mill
01:20 Scout Tower
01:38 Farm
01:49 Arcane Tower
01:52 Scout Tower
02:27 Guard Tower
02:28 Guard Tower
02:28 Scout Tower
02:32 Farm
02:58 Scout Tower
03:04 Guard Tower
04:20 Scout Tower
04:21 Scout Tower
04:22 Scout Tower
04:36 Scout Tower
04:42 Scout Tower
04:43 Scout Tower
05:04 Guard Tower
05:47 Guard Tower
07:08 Guard Tower
07:08 Guard Tower
07:11 Scout Tower
07:14 Scout Tower
07:15 Scout Tower
07:19 Scout Tower
07:20 Scout Tower
07:53 Guard Tower
07:53 Guard Tower
08:03 Guard Tower
08:03 Guard Tower
08:20 Arcane Vault
08:57 Keep
09:25 Scout Tower
09:26 Scout Tower
09:28 Scout Tower
09:41 Scout Tower
10:05 Guard Tower
10:06 Guard Tower
10:22 Scout Tower
10:24 Guard Tower
10:24 Guard Tower
11:11 Scout Tower
11:12 Scout Tower
11:13 Scout Tower
11:27 Guard Tower
11:27 Guard Tower
11:39 Arcane Sanctum
11:55 Farm
12:11 Guard Tower
12:11 Guard Tower
12:13 Scout Tower
12:14 Scout Tower
12:29 Scout Tower
12:30 Scout Tower
12:52 Guard Tower
13:27 Scout Tower
13:31 Scout Tower
14:16 Town Hall
14:20 Guard Tower
14:22 Scout Tower
14:22 Scout Tower
14:22 Scout Tower
14:26 Farm
15:54 Guard Tower
15:56 Scout Tower
15:57 Scout Tower
15:57 Scout Tower
16:29 Castle
16:29 Castle
16:38 Scout Tower
16:39 Scout Tower
16:42 Guard Tower
17:25 Guard Tower
17:25 Guard Tower
17:25 Guard Tower
18:23 Scout Tower
18:26 Scout Tower
18:29 Scout Tower
18:32 Scout Tower
18:42 Scout Tower
19:38 Guard Tower
21:01 Scout Tower
21:02 Scout Tower
21:03 Scout Tower
21:03 Scout Tower
21:04 Scout Tower
21:19 Arcane Tower
22:26 Guard Tower
22:28 Scout Tower
22:28 Scout Tower
24:38 Guard Tower
24:41 Scout Tower
24:42 Scout Tower
24:42 Scout Tower
24:43 Scout Tower
25:58 Guard Tower
26:32 Guard Tower
26:36 Scout Tower
26:37 Scout Tower
26:39 Scout Tower
26:40 Scout Tower
26:40 Scout Tower
26:40 Scout Tower
26:41 Scout Tower
26:41 Scout Tower
26:44 Scout Tower
26:45 Scout Tower
26:45 Scout Tower
26:45 Scout Tower
26:46 Scout Tower
26:46 Scout Tower
27:49 Scout Tower
27:50 Scout Tower
27:51 Scout Tower
28:41 Guard Tower
28:42 Guard Tower
28:42 Guard Tower
29:50 Guard Tower
29:50 Guard Tower
29:52 Scout Tower
29:52 Scout Tower
29:53 Scout Tower
29:53 Scout Tower
29:54 Scout Tower
29:54 Scout Tower
30:54 Scout Tower
30:55 Scout Tower
30:56 Scout Tower
30:56 Scout Tower
30:57 Scout Tower
30:58 Scout Tower
30:58 Scout Tower
30:58 Scout Tower
31:59 Guard Tower
31:59 Guard Tower
32:06 Guard Tower
32:06 Guard Tower
32:17 Scout Tower
32:18 Scout Tower
32:18 Scout Tower
32:19 Scout Tower
32:19 Scout Tower
32:20 Scout Tower
32:52 Arcane Tower
32:56 Arcane Tower
34:58 Arcane Tower
36:12 Scout Tower
36:13 Scout Tower
36:15 Scout Tower
36:16 Scout Tower
36:16 Scout Tower
36:17 Scout Tower
36:22 Scout Tower
36:23 Scout Tower
36:24 Scout Tower
36:24 Scout Tower
36:25 Scout Tower
36:25 Scout Tower
36:46 Guard Tower
37:21 Guard Tower
» items
                
                | Boots of Speed | 3 |  | 
| Staff of Teleportation | 3 |  | 
| Circlet of Nobility | 3 |  | 
| Healing Salve | 2 |  | 
| Orb of Lightning | 4 |  | 
| Staff of Sanctuary | 3 |  | 
| Potion of Lesser Invulnerability | 2 |  | 
| Periapt of Vitality | 1 |  | 
| Lesser Clarity Potion | 2 |  | 
                23 total
  
               
              
              
MrFrosty (
teal | 94 APM | 3580 actions | 38:15)
              
 4 Pandaren Brewmaster 
 2 Breath of Fire
 1 Drunken Brawler
 1 Drunken Haze
 3 Mountain King 
 2 Storm Bolt
 1 Bash
 3 Paladin 
 2 Holy Light
 1 Divine Shield
 
                » actions 
                
                | Assign group hotkey | 20 |  | 
| Basic commands | 53 |  | 
| Build / train | 114 |  | 
| ESC pressed | 1 |  | 
| Enter build submenu | 48 |  | 
| Enter hero's abilities submenu | 11 |  | 
| Give item / drop item | 7 |  | 
| Right click | 1957 |  | 
| Select / deselect | 590 |  | 
| Select group hotkey | 522 |  | 
| Use ability | 257 |  | 
                3580 total
 » units 
                
                | Peasant | 19 |  | 
| Priest | 5 |  | 
| Sorceress | 4 |  | 
                28 total
 » upgrades
                
                | Masonry | 3 |  | 
| Lumber Harvesting | 2 |  | 
| Magic Sentry | 1 |  | 
| Sorceress Training | 2 |  | 
| Backpack | 1 |  | 
| Priest Training | 2 |  | 
                11 total
 » buildings
                
                | Scout Tower | 42 |  | 
| Farm | 5 |  | 
| Altar of Kings | 1 |  | 
| Arcane Tower | 10 |  | 
| Lumber Mill | 1 |  | 
| Guard Tower | 19 |  | 
| Arcane Vault | 2 |  | 
| Keep | 1 |  | 
| Arcane Sanctum | 1 |  | 
| Town Hall | 1 |  | 
| Castle | 1 |  | 
                84 total
 » build order
                00:07 Scout Tower
00:20 Farm
00:36 Altar of Kings
00:38 Arcane Tower
00:44 Lumber Mill
01:21 Farm
02:31 Scout Tower
02:41 Farm
02:45 Farm
02:48 Scout Tower
02:57 Guard Tower
02:58 Scout Tower
03:14 Scout Tower
03:22 Guard Tower
03:27 Arcane Tower
03:52 Guard Tower
03:54 Scout Tower
04:02 Arcane Vault
04:12 Scout Tower
04:48 Arcane Tower
05:10 Scout Tower
05:12 Guard Tower
05:38 Guard Tower
06:42 Scout Tower
06:43 Scout Tower
06:43 Scout Tower
06:44 Scout Tower
06:45 Scout Tower
06:47 Scout Tower
07:08 Scout Tower
07:26 Guard Tower
07:28 Scout Tower
07:30 Scout Tower
07:42 Arcane Tower
08:00 Guard Tower
08:06 Scout Tower
08:33 Scout Tower
08:46 Keep
08:48 Arcane Tower
09:19 Scout Tower
09:21 Scout Tower
09:23 Scout Tower
09:24 Scout Tower
09:50 Guard Tower
09:56 Guard Tower
10:47 Scout Tower
10:54 Scout Tower
10:57 Farm
11:14 Arcane Sanctum
11:20 Guard Tower
11:24 Town Hall
11:35 Arcane Tower
12:44 Scout Tower
13:17 Arcane Tower
13:19 Scout Tower
14:29 Arcane Vault
14:41 Scout Tower
14:46 Guard Tower
15:22 Guard Tower
15:25 Scout Tower
16:02 Castle
16:07 Arcane Tower
16:11 Scout Tower
16:12 Scout Tower
16:44 Scout Tower
16:46 Arcane Tower
16:47 Guard Tower
16:49 Scout Tower
17:14 Guard Tower
18:11 Guard Tower
18:13 Scout Tower
18:13 Scout Tower
19:45 Guard Tower
20:33 Scout Tower
20:34 Scout Tower
21:49 Arcane Tower
21:50 Guard Tower
25:16 Scout Tower
25:17 Scout Tower
26:06 Guard Tower
26:44 Scout Tower
26:50 Scout Tower
26:50 Scout Tower
28:38 Guard Tower
» items
                
                | Staff of Teleportation | 3 |  | 
| Boots of Speed | 4 |  | 
| Healing Salve | 1 |  | 
| Lesser Clarity Potion | 6 |  | 
| Scroll of Speed | 1 |  | 
| Potion of Healing | 2 |  | 
| Circlet of Nobility | 2 |  | 
| Scroll of Regeneration | 2 |  | 
| Scroll of Town Portal | 2 |  | 
| Potion of Mana | 1 |  | 
| Staff of Sanctuary | 3 |  | 
| Orb of Lightning | 2 |  | 
| Potion of Lesser Invulnerability | 1 |  | 
| Mechanical Critter | 1 |  | 
                31 total
  
                Chat log
          (00:09 / All) MrFrosty: garg feed
(00:10 / All) kunt.roII: wow
(00:11 / All) kunt.roII: garg feed
(00:12 / All) MrFrosty: tjhats a good strat
(00:18 / All) ODnF-eViL: no
(00:20 / All) ODnF-eViL: nec feed
(00:21 / All) kunt.roII: yeah
(00:21 / All) ODnF-eViL: cmon guys
(00:23 / All) kunt.roII: its pretty good
(00:23 / All) MrFrosty: hard to beat for sure
(02:17 / All) Clan-ODnF: nice base sir
(03:16 / All) ODnF-eViL: nice am
(08:39 / All) Clan-ODnF: soo much for garg feed sir
(08:55 / All) kunt.roII: INDEED
(11:42 / Allies) MrFrosty: let me get 3
(13:13 / All) ODnF-eViL: are you serious?
(13:15 / All) ODnF-eViL: srs?
(13:19 / All) kunt.roII: SRSLY
(17:30 / All) kunt.roII: go away plz'
(17:47 / All) ODnF-eViL: lose less bats to afk burrows plix
(17:53 / All) ODnF-eViL: lmao
(17:55 / All) ODnF-eViL: your bad
(17:57 / All) kunt.roII: LOL
(17:59 / All) Gobiner: lol
(18:02 / All) Gobiner: I got a main :)
(18:08 / All) ODnF-eViL: so do i?.
(18:14 / All) kunt.roII: no?
(18:18 / All) ODnF-eViL: yes?
(18:19 / All) Clan-ODnF: hes green idiot
(18:22 / All) Clan-ODnF: im the one witout the main
(18:26 / All) Clan-ODnF: fucken  retard
(18:27 / All) kunt.roII: ...
(18:30 / All) kunt.roII: u are dense
(18:34 / All) kunt.roII: as in stuipd
(18:37 / All) ODnF-eViL: no, you are
(18:38 / All) Clan-ODnF: .l.
(18:41 / All) Clan-ODnF: u dont get it
(18:45 / All) Clan-ODnF: ur slow as shit
(18:49 / All) kunt.roII: u
(18:50 / All) Clan-ODnF: go back to school please
(18:51 / All) kunt.roII: dont get it
(19:31 / All) kunt.roII: good attack
(19:53 / All) kunt.roII: omg
(19:54 / All) kunt.roII: rly good attack
(20:25 / Allies) MrFrosty: tt
(20:25 / All) ODnF-eViL: bah
(20:26 / All) ODnF-eViL: fuck off
(20:30 / All) Gobiner: bawwwwwwwwww
(20:44 / All) kunt.roII: woot i got all the exp
(20:48 / All) ODnF-eViL: :p
(20:48 / All) Gobiner: :(
(23:02 / All) MrFrosty: thanks
(24:26 / All) Gobiner: sorry about your bats
(24:26 / All) kunt.roII: LOL
(24:34 / All) kunt.roII: NICE HERO RED
(24:39 / All) ODnF-GamblethiS:  /stats gobiner
(24:40 / All) ODnF-GamblethiS: i lol'd
(24:45 / All) kunt.roII: i did too
(24:48 / All) MrFrosty: this game is making me lol
(24:54 / Allies) kunt.roII: no sound
(24:59 / All) Clan-ODnF: if u think ur skilled cuz u can mass towers
(25:02 / All) Clan-ODnF: ur wrong sir
(25:08 / All) kunt.roII: i think ur horrible cause u cant beat it
(25:12 / All) MrFrosty: i tihnk you're not skilled b.c you can lose to it
(25:20 / All) kunt.roII: owned n pwned;
(25:21 / All) Clan-ODnF: everyone looses to mass towers
(25:24 / All) Clan-ODnF: not rly
(25:26 / All) MrFrosty: we dont
(25:28 / All) Clan-ODnF: shouldnt u kids be in bed for school?
(26:19 / Allies) MrFrosty: i love how every noob uses the "kid" insult
(26:34 / Allies) MrFrosty: universal sign of the noob
(27:12 / All) ODnF-eViL: just in time every time orange
(27:14 / All) Clan-ODnF: fight me nig
(27:21 / All) kunt.roII: LOL
(27:26 / All) kunt.roII: excuse 1 didnt work
(27:31 / All) kunt.roII: move on to excuse 2
(27:39 / All) Gobiner: okay
(27:39 / All) MrFrosty: thanks
(27:40 / Allies) Gobiner: I fought you
(27:43 / All) Gobiner: I fought you
(27:57 / All) kunt.roII: good idea to not cancel it
(28:02 / All) MrFrosty: 2 e z noobs
(28:11 / All) Gobiner: bye
(28:12 / All) ODnF-eViL: stfu fag
(28:15 / All) ODnF-eViL: you cant play legit
(28:15 / All) MrFrosty: thanks
(28:17 / All) MrFrosty: for the free win
(28:19 / All) kunt.roII: LOL
(28:23 / All) MrFrosty: you cant play at all
(28:24 / All) kunt.roII: cant play legit lmao
(28:32 / All) MrFrosty: ps. fiend feed
(28:36 / All) MrFrosty: well done on that
(28:37 / All) ODnF-eViL: 1v1?
(28:39 / All) Gobiner: clan odnf owned again
(28:39 / All) ODnF-GamblethiS: 1-3
(28:40 / All) ODnF-GamblethiS: rofl
(28:41 / All) MrFrosty: ok noob
(28:50 / All) MrFrosty: 1v1 after you lose
(29:30 / Allies) MrFrosty: this is a good bat target
(29:32 / Allies) MrFrosty: cant even get in
(29:41 / Allies) kunt.roII: send a critter there also IMO
(30:05 / All) ODnF-eViL: Gtfo faggot
(30:18 / All) Gobiner: sorry but killing a blademaster won't bring back your chances of winning
(30:19 / Allies) kunt.roII: control gob
(30:22 / Allies) kunt.roII: send u bats down there
(30:45 / All) MrFrosty: sorry for your loss
(31:29 / All) MrFrosty: ps when you didnt respond to me accepting your 1v1 was that a dodge?
(31:36 / All) ODnF-eViL: no?
(31:40 / All) MrFrosty: ok good
(31:40 / All) Gobiner: good luck getting out
(31:44 / All) MrFrosty: just making sure
(31:46 / All) ODnF-eViL: :P
(31:53 / All) kunt.roII: c u
(31:59 / All) MrFrosty: noobs like you like to ddoge alot so i was a bit afraid!
(32:33 / All) kunt.roII: lmao
(32:39 / All) ODnF-GamblethiS: is that your attempt of non mh
(32:43 / All) MrFrosty: lol
(32:48 / All) MrFrosty: your fiends attacked me noob
(32:54 / All) MrFrosty: I WONDER IF THERE IS A SHADE
(33:47 / All) MrFrosty: 2 e z
(34:02 / All) kunt.roII: k bye
(34:05 / All) Gobiner: come back when you got skills
(34:07 / All) ODnF-GamblethiS: afk for me
(34:12 / All) kunt.roII: k bye
(34:14 / All) kunt.roII: nice dodge there
(34:15 / All) ODnF-GamblethiS: towermassing newbs say "come back when you got skills"
(34:17 / All) ODnF-GamblethiS: lol k
(34:18 / All) ODnF-GamblethiS: afk
(34:18 / All) kunt.roII: aka dodge
(34:23 / All) kunt.roII: afk aka dodge
(34:38 / All) MrFrosty: thanks for the free win
(35:02 / All) kunt.roII: i usually use tps when im afk
(36:01 / All) kunt.roII: i usually use raiders and tps when im afk
(36:03 / All) kunt.roII: also rain of fire
(36:49 / All) MrFrosty: good thing ive got 13.6k gold
(38:03 / All) kunt.roII: c u
(38:07 / All) ODnF-GamblethiS: blatant mh
(38:10 / All) kunt.roII: LOL
(38:12 / All) Gobiner: yep, blatant
(38:13 / All) ODnF-GamblethiS: so pathetic
(38:13 / All) ODnF-GamblethiS: gg